 Dungeon Crawl Stone Soup version 0.30.1-11-g7821555f0a (webtiles) character file.

Game seed: 10418702921825254331

711 RancidPinata the Cudgeller (level 7, -1/44 HPs)
             Began as a Gargoyle Gladiator on Dec 20, 2023.
             Killed by divine providence
             ... invoked by an orc priest
              (11 damage)
             ... on level 4 of the Dungeon.
             The game lasted 00:11:53 (3194 turns).

RancidPinata the Cudgeller (Gargoyle Gladiator)     Turns: 3194, Time: 00:11:54

Health: -1/44      AC: 22    Str: 17    XL:     7   Next: 68%
Magic:  7/7        EV: 13    Int: 11    God:
Gold:   254        SH:  0    Dex: 11    Spells: 6/6 levels left

rFire   . . .        x - +1 mace (holy)
rCold   . . .        (no shield)
rNeg    + . .        n - +7 chain mail "Vintuner" {rElec Slay+3}
rPois   ∞            c - +0 helmet
rElec   +            (no cloak)
rCorr   .            (no gloves)
SInv    .            (no boots)
Will    .....        (no amulet) Stlth
                     u - +5 ring of evasion
HPRegen 0.27/turn    (no ring)
MPRegen 0.10/turn

%: no passive effects
@: hasted, very quick
A: sickness immunity, AC +4, negative energy resistance 1, electricity
resistance, torment resistance 1, petrification resistance
a: no special abilities


You were on level 4 of the Dungeon.
You visited 1 branch of the dungeon, and saw 4 of its levels.
You also visited: Sewer.

You collected 254 gold pieces.

Inventory:

Hand Weapons
 a - a +0 flail
 r - the +8 scimitar of Propriety {heavy, *Corrode Will- Int+9 Stlth+}
   (You found it in a sewer)

   Int:       It affects your intelligence (+9).
   *Corrode:  It may corrode you when you take damage.
   Will:      It decreases your willpower.
   Stlth:     It makes you more stealthy.
 x - a +1 mace of holy wrath (weapon)
Missiles
 d - a throwing net (quivered)
 e - a javelin
 f - 10 stones
Armour
 b - a +0 leather armour
 c - a +0 helmet (worn)
 n - the +7 chain mail "Vintuner" (worn) {rElec Slay+3}
   (You found it on level 2 of the Dungeon)

   Slay:      It affects your accuracy & damage with ranged weapons and melee
   (+3).
   rElec:     It insulates you from electricity.
Jewellery
 u - a +5 ring of evasion (left hand)
Wands
 g - a wand of iceblast (6)
 p - a wand of charming (12)
 s - a wand of polymorph (6)
 C - a wand of flame (11)
Scrolls
 h - 2 scrolls of vulnerability {unknown}
 i - a scroll of fear {unknown}
 j - 2 scrolls of enchant weapon {unknown}
 l - 4 scrolls of fog
 m - 4 scrolls of teleportation {unknown}
 t - a scroll of magic mapping {unknown}
 v - a scroll of enchant armour {unknown}
 w - a scroll of acquirement {unknown}
 y - a scroll of amnesia {unknown}
 A - a scroll of torment {unknown}
Potions
 k - 2 potions of ambrosia
 o - 2 potions of haste
 q - 2 potions of heal wounds
 z - a potion of attraction {unknown}
 B - a potion of berserk rage {unknown}
 D - a potion of brilliance {unknown}


   Skills:
 * Level 4.7 Fighting
 * Level 4.8 Maces & Flails
 + Level 3.0 Throwing
 * Level 3.9 Armour
 + Level 3.2 Dodging
 + Level 3.0 Stealth


You had 6 spell levels left.
You didn't know any spells.
Your spell library contained the following spells:

 Spells                   Type           Power      Damage    Failure   Level
 Portal Projectile        Hex/Tloc       0%         N/A       100%        3
 Tukima's Dance           Hex            0%         N/A       100%        3
 Blade Hands              Tmut           0%         N/A       100%        5


Dungeon Overview and Level Annotations

Branches:
Dungeon (4/15)              Sewer (visited)
 Temple: D:4-7

Altars:
Xom
The Shining One


Innate Abilities, Weirdness & Mutations

You are immune to sickness and miasma.
Your stone body is resilient. (AC +4)
You are immune to poison.
You resist negative energy. (rN+)
You are resistant to electric shocks. (rElec)
You are resistant to unholy torment.
You are immune to petrification.


Message History

You hit the orc.
You kill the orc!
The orc closely misses you.
You hit the orc priest but do no damage.
The orc hits you but does no damage.
The orc priest hits you but does no damage.
You hit the orc priest.
The orc priest is lightly wounded.
The orc barely misses you.
The orc priest invokes the aid of Beogh against you.
You struggle to resist.
You closely miss the orc priest.
The orc priest is lightly wounded.
The orc priest invokes the aid of Beogh against you.
You struggle to resist.
The orc misses you.
You hit the orc priest but do no damage.
The orc priest is lightly wounded.
The orc priest closely misses you. The orc hits you with a +0 mace.
You hit the orc priest but do no damage.
The orc priest is lightly wounded.
The orc priest barely misses you. The orc hits you but does no damage.
You completely miss the orc priest.
The orc priest is lightly wounded.
The orc priest closely misses you. The orc hits you with a +0 mace.
The orc priest hits you but does no damage.
The orc misses you.
You completely miss the orc priest.
The orc priest is lightly wounded.
The orc hits you but does no damage.
The orc priest calls down the wrath of Beogh upon you.
Beogh smites you!
* * * LOW HITPOINT WARNING * * *
You closely miss the orc priest.
The orc priest is lightly wounded.
The orc hits you but does no damage.
The orc priest hits you but does no damage.
You feel yourself speed up.
The orc priest calls down the wrath of Beogh upon you.
Beogh smites you!
You die...

.....# #..
##..## .......
##.o #..## #
.......##...
##..# ##
....."..>..
##..## ##.
#.........
#...# ##.#
#........#
##.### ##.##
#.......# ##.##
##.##
##.....)##
###.## ##..#
##...†..###@.##
#...#
##......ooo##
#...###
#........##
##....#
#...######
#####. ##### ##


You could see 2 orc priests and an orc.

Vanquished Creatures
  Pikel (D:4)
  A lemure (D:4)
  A bullfrog (Sewer)
  A jelly (D:4)
  Ijyb (D:4)
  3 adders
  A worm (D:3)
  A dart slug (D:2)
  6 orcs
  13 ball pythons
  5 endoplasms
  8 giant cockroaches
  4 goblins
  9 hobgoblins
  13 quokkas
  4 bats
  7 frilled lizards
  5 kobolds
  8 rats
  A spectral goblin (D:3)
93 creatures vanquished.

Notes
Turn   | Place    | Note
-------+----------+-------------------------------------------
     0 | D:1      | RancidPinata the Gargoyle Gladiator began the quest for the
                  | Orb.
     0 | D:1      | Reached XP level 1. HP: 12/12 MP: 1/1
   184 | D:1      | Reached XP level 2. HP: 13/18 MP: 2/2
   419 | D:1      | Reached skill level 1 in Armour
   478 | D:1      | Reached XP level 3. HP: 22/22 MP: 3/3
   914 | D:2      | Reached skill level 1 in Stealth
   990 | D:2      | Identified the +7 chain mail "Vintuner" {rElec Slay+3}
  1251 | D:2      | Reached XP level 4. HP: 27/27 MP: 4/4
  1385 | D:3      | Found a faded altar of an unknown god.
  1571 | D:3      | Found a glowing drain.
  1595 | Sewer    | Entered a sewer
  1878 | Sewer    | Identified the +8 scimitar of Propriety {heavy, *Corrode
                  | Will- Int+9 Stlth+}
  1878 | Sewer    | Noticed a bullfrog
  1883 | Sewer    | Killed a bullfrog
  1884 | Sewer    | Reached XP level 5. HP: 29/32 MP: 5/5
  2292 | D:3      | Found a shimmering altar of Xom.
  2301 | D:3      | Found a glowing golden altar of the Shining One.
  2707 | D:4      | Reached XP level 6. HP: 35/37 MP: 6/6
  2909 | D:4      | Noticed Pikel
  2950 | D:4      | Killed Pikel
  2951 | D:4      | Reached XP level 7. HP: 14/44 MP: 7/7
  3123 | D:4      | Noticed Ijyb
  3139 | D:4      | Killed Ijyb
  3194 | D:4      | Killed from afar by an orc priest

Illustrated notes

Levels and vault maps discovered:
D:1:      heliophobic_arrival_dark_side_of_the_moon, layout_rooms, minivault_26
D:2:      layout_loops_ring, nrook_uturn
D:3:      layout_basic, mainiacjoe_overflow_catwalk_spiral,
          portal_sewer_entry_f, dreamdust_ecumenical_altar_drowned_temple,
          st_stairs_14
D:4:      layout_layer_cave, uniq_grinder, uniq_pikel, uniq_ijyb

Skill      XL: |  1  2  3  4  5  6 |
---------------+-------------------+-----
Throwing       | 2 3 |  3.0
Armour         | 1 2 3 |  3.9
Stealth        | 1 2 3 |  3.0
Fighting       | 3 4 |  4.7
Maces & Flails | 4 |  4.8
Dodging        | 3 |  3.2

Action                     |  1- 3 |  4- 6 |  7- 9 || total
---------------------------+-------+-------+-------++-------
  Melee: Flail             |    94 |   118 |       ||   212
         Punch             |     2 |     1 |       ||     3
         Mace              |       |    36 |    28 ||    64
  Throw: Stone             |       |    11 |       ||    11
         Throwing net      |       |     2 |       ||     2
    Use: Scroll            |       |     4 |       ||     4
         Potion            |       |       |     1 ||     1
   Stab: Sleeping          |     1 |       |       ||     1
 Armour: Leather armour    |    40 |       |       ||    40
         Chain mail        |     3 |   117 |    14 ||   134
  Dodge: Dodged            |    90 |    83 |    21 ||   194
